 Dungeon Crawl Stone Soup version 0.23.2-30-g0e89c35649 (webtiles) character file.

Game seed: 8956089681265247309

412 Atelerd the Conjurer (level 6, -1/39 HPs)
             Began as an Octopode Wizard on June 19, 2019.
             Killed by divine providence
             ... invoked by an orc priest
              (11 damage)
             ... on level 4 of the Dungeon.
             The game lasted 00:06:00 (4532 turns).

Atelerd the Conjurer (Octopode Wizard)              Turns: 4532, Time: 00:06:01

Health: -1/39      AC:  1    Str:  6    XL:     6   Next: 90%
Magic:  1/12       EV: 13    Int: 22    God:
Gold:   189        SH:  0    Dex: 11    Spells: 5/13 levels left

rFire    + . .     SeeInvis .   i - +3 dagger
rCold    . . .     Gourm    .   (no shield)
rNeg     . . .     Faith    .   a - +0 hat
rPois    .         Spirit   .   (no amulet)
rElec    .         Reflect  .   t - ring of protection from fire
rCorr    .         Harm     .   (no ring)
MR       .....                  (no ring)
Stlth    +++.......             (no ring)
HPRegen  0.13/turn              (no ring)
MPRegen  0.13/turn              (no ring)
                                (no ring)
                                (no ring)

@: no status effects
A: almost no armour, stealthy swim, amphibious, 8 rings, constrict 8, camouflage
1, gelatinous body 1
a: no special abilities


You were on level 4 of the Dungeon.
You were near starving.

You visited 1 branch of the dungeon, and saw 4 of its levels.

You collected 189 gold pieces.

Inventory:

Hand Weapons
 b - a +0 spear
 i - a +3 dagger (weapon)
Armour
 a - a +0 hat (worn)
Jewellery
 t - a ring of protection from fire (left tentacle)
Scrolls
 d - a scroll of blinking {unknown}
 f - 5 scrolls of fog {unknown}
 k - 5 scrolls of identify {unknown}
 l - a scroll of fear {unknown}
 m - 3 scrolls of teleportation {unknown}
 o - a scroll of immolation {unknown}
 s - 3 scrolls of remove curse {unknown}
 u - a scroll of enchant weapon {unknown}
 v - a scroll of enchant armour {unknown}
Potions
 e - a potion of haste {unknown}
 g - 2 potions of curing
 h - 3 potions of heal wounds {unknown}
 j - a potion of ambrosia {unknown}
 n - a potion of resistance {unknown}
 p - 2 potions of brilliance {unknown}
 q - a potion of degeneration {unknown}
 r - 2 potions of mutation {unknown}
Comestibles
 c - 9 rations


   Skills:
 - Level 2.1 Fighting
 - Level 2.0 Dodging
 - Level 3.1 Stealth
 + Level 4.4 Spellcasting
 * Level 5.1 Conjurations
 - Level 1.0 Summonings
 - Level 1.0 Translocations


You had 5 spell levels left.
You knew the following spells:

 Your Spells              Type           Power        Failure   Level  Hunger
a - Magic Dart            Conj           ####         1%          1    None
b - Mephitic Cloud        Conj/Pois/Air  ##......     16%         3    ##.....
c - Blink                 Tloc           N/A          11%         2    #......
d - Call Imp              Summ           #.......     11%         2    #......

Your spell library contained the following spells:

 Spells                   Type           Power        Failure   Level  Hunger
 Conjure Flame            Conj/Fire      ###.....     11%         3    ##.....
 Slow                     Hex            #.......     16%         2    #......


Dungeon Overview and Level Annotations

Branches:
Dungeon (4/15)
 Temple: D:4-7

Altars:
Ashenzari
Hepliaklqana
Nemelex Xobeh
Trog
Yredelemnul

Annotations:
D:3 exclusion: downstairs


Innate Abilities, Weirdness & Mutations

You cannot wear most types of armour.
You are very stealthy in the water. (Stealth+)
You are amphibious.
You can wear up to eight rings at the same time.
You can use your tentacles to constrict eight enemies at once.
Your skin changes colour to match your surroundings (Stealth+).
Your rubbery body absorbs attacks. (AC +1, EV +1)


Message History

* * * LOW HITPOINT WARNING * * *
The orc is engulfed in noxious fumes.
The orc appears confused.
The orc wizard barely misses the orc.
The orc priest calls down the wrath of Beogh upon you.
Pain shoots through your body!
* * * LOW HITPOINT WARNING * * *
It was a potion of curing.
You feel better.
The orc hits the orc wizard with a +0 club.
The orc wizard hits the orc with a +0 dagger.
The orc priest mumbles some strange prayers to Beogh against you.
Pain shoots through your body!
* * * LOW HITPOINT WARNING * * *
The orc priest invokes the aid of Beogh against you.
Pain shoots through your body!
* * * LOW HITPOINT WARNING * * *
You feel better.
The orc priest looks braver for a moment.
The orc priest mumbles some strange prayers to Beogh against you.
Beogh smites you!
You die...

...#.....#.............#......#..
...#.....#.............'......#..
...'.....#.............#......#..
...#.....#...........>.##########
...##....#.....#########......##.
...##....#.....#.......#.........
.........#.....#.......#.........
.........#.....'.......#......##.
.........#.....#@.....##......###
#####....#.....#......##.......#
#....'.....+.......#.......#
#....#.....#.......#.......#
#....#.....#......##########
+....#.....#......# ..
#+####.....#.oo...# o..
......#......# .o..
.......+......# .....


You could see an orc priest and an orc (confused).

Vanquished Creatures
  2 howler monkeys
  3 hounds (D:4)
  An orc wizard (D:4)
  An orc priest (D:4)
  A worker ant (D:4)
  9 adders
  An ooze (D:1)
  An adder skeleton (D:4)
  A worm (D:2)
  A dart slug (D:1)
  5 leopard geckos
  5 orcs (D:4)
  6 bats
  2 giant cockroaches
  2 goblins
  6 hobgoblins
  4 jackals (D:1)
  A ball python (D:4)
  8 frilled lizards
  9 kobolds
  9 rats
78 creatures vanquished.

Notes
Turn   | Place    | Note
-------+----------+-------------------------------------------
     0 | D:1      | Atelerd the Octopode Wizard began the quest for the Orb.
     0 | D:1      | Reached XP level 1. HP: 11/11 MP: 4/4
    59 | D:1      | Noticed a big kobold
    59 | D:1      | Noticed a big kobold
    59 | D:1      | Noticed a big kobold
   133 | D:1      | Noticed a big kobold
   801 | D:1      | Reached XP level 2. HP: 4/17 MP: 0/6
  1139 | D:1      | Reached skill level 2 in Conjurations
  1551 | D:1      | Reached XP level 3. HP: 11/21 MP: 7/7
  1556 | D:1      | Learned a level 3 spell: Mephitic Cloud
  1559 | D:1      | Learned a level 2 spell: Blink
  1562 | D:1      | Learned a level 2 spell: Call Imp
  2377 | D:2      | Reached skill level 3 in Conjurations
  2377 | D:2      | Reached XP level 4. HP: 26/27 MP: 5/9
  2488 | D:2      | Found a bloodstained altar of Trog.
  2783 | D:2      | Reached XP level 5. HP: 27/31 MP: 4/10
  2804 | D:2      | Found a hazy altar of Hepliaklqana.
  2843 | D:2      | Found a shattered altar of Ashenzari.
  3066 | D:2      | Reached skill level 4 in Conjurations
  3391 | D:3      | Found a basalt altar of Yredelemnul.
  3964 | D:4      | Reached skill level 1 in Fighting
  3967 | D:4      | Reached XP level 6. HP: 26/38 MP: 8/12
  4114 | D:4      | Found a sparkling altar of Nemelex Xobeh.
  4494 | D:4      | Reached skill level 5 in Conjurations
  4532 | D:4      | Killed from afar by an orc priest

Skill      XL: |  1  2  3  4  5  6 |
---------------+-------------------+-----
Conjurations   | 2 3 4 5 |  5.1
Spellcasting   | 4 |  4.4
Fighting       | 1 2 |  2.1
Stealth        | 3 |  3.1
Dodging        | |  2.0
Summonings     | |  1.0
Translocations | |  1.0

Action                   |  1- 3 |  4- 6 || total
-------------------------+-------+-------++-------
Melee: Spear             |    75 |     5 ||    80
       Constrict         |    13 |    19 ||    32
       Tentacles         |     8 |     9 ||    17
       Dagger            |       |    70 ||    70
 Cast: Magic Dart        |    30 |    44 ||    74
       Mephitic Cloud    |     1 |     8 ||     9
  Use: Potion            |       |     2 ||     2
 Stab: Sleeping          |    12 |     7 ||    19
       Confused          |     2 |     4 ||     6
  Eat: Chunk             |     4 |     6 ||    10
Armor: Skin              |     2 |     4 ||     6
Dodge: Dodged            |    44 |    38 ||    82
